 Dungeon Crawl Stone Soup version 0.27-a0-1188-g73eefd5def (webtiles) character file.

Game seed: 14587787224845946320

207042 leviel the Hoplite (level 18, -4/151 HPs)
             Began as a Minotaur Fighter on May 20, 2021.
             Was the Champion of Okawaru.
             Slain by a jumping spider (23 damage)
             ... on level 4 of the Spider Nest.
             The game lasted 01:00:53 (29341 turns).

leviel the Hoplite (Minotaur Fighter)              Turns: 29341, Time: 01:00:53

Health: -4/151     AC: 31    Str: 27 (28) XL:     18   Next: 8%
Magic:  0/21       EV: 10    Int: 12 (13) God:    Okawaru [******]
Gold:   2174       SH:  0    Dex: 12      Spells: 17/17 levels left

rFire    + . .     SeeInvis +   V - +11 trident "Icul" {vorpal, +Blink +Rage Str-4 Int+8}
rCold    . . .     Faith    .   P - +0 tower shield
rNeg     . . .     Spirit   .   J - +2 plate armour
rPois    +         Reflect  .   c - +0 hat {SInv}
rElec    .         Harm     .   s - +0 cloak
rCorr    .         Rampage  .   k - +2 pair of gloves {Dex+3}
Will     +....                  L - +2 pair of boots {Fly}
Stlth    ..........             q - amulet of regeneration
HPRegen  1.35/turn              K - ring "Beiwo" {rF+ AC+4 Str+4 Dex-2 Stlth+}
MPRegen  0.17/turn              z - ring of poison resistance

@: confused, flying
A: horns 2, retaliatory headbutt, iridescent scales 1, large bone plates 1,
deterioration 1
}: 1/15 runes: decaying
a: Renounce Religion, Evoke Blink, Evoke Berserk Rage, Heroism, Finesse


You were on level 4 of the Spider Nest.
You worshipped Okawaru.
Okawaru was exalted by your worship.
You visited 5 branches of the dungeon, and saw 29 of its levels.

You collected 4268 gold pieces.
You spent 2094 gold pieces at shops.

Inventory:

Hand Weapons
 e - a +9 demon trident of flaming
 N - the +7 spear "Bikyl" {antimagic, rF+ rN+ Str+2}
   (Okawaru gifted it to you on level 13 of the Dungeon)

   It reduces the magical energy of the wielder, and disrupts the spells and
   magical abilities of those hit.
   Natural abilities and divine invocations are not affected.
   It affects your strength (+2).
   It protects you from fire.
   It protects you from negative energy.
 V - the +11 trident "Icul" (weapon) {vorpal, +Blink +Rage Str-4 Int+8}
   (You found it on level 1 of the Spider Nest)

   It inflicts extra damage upon your enemies.
   It affects your strength (-4).
   It affects your intelligence (+8).
   It lets you blink.
   It lets you go berserk.
Missiles
 m - 28 javelins (quivered)
 p - 3 throwing nets
 E - 3 curare-tipped darts
 G - 5 boomerangs of dispersal
 U - 8 atropa-tipped darts
Armour
 c - a +0 hat of see invisible (worn)
 k - a +2 pair of gloves of dexterity (worn)
 s - a +0 cloak (worn)
 J - a +2 plate armour (worn)
 L - a +2 pair of boots of flying (worn)
 P - a +0 tower shield (worn)
Jewellery
 q - an amulet of regeneration (around neck)
 z - a ring of poison resistance (right hand)
 K - the ring "Beiwo" (left hand) {rF+ AC+4 Str+4 Dex-2 Stlth+}
   (You acquired it on level 11 of the Dungeon)

   [ring of protection]

   It affects your AC (+4).
   It affects your strength (+4).
   It affects your dexterity (-2).
   It protects you from fire.
   It makes you more stealthy.
 Q - an amulet of reflection
Wands
 f - a wand of polymorph (13)
 r - a wand of charming (20)
 w - a wand of flame (62)
 y - a wand of acid (5)
 F - a wand of iceblast (35)
 I - a wand of paralysis (10)
 T - a wand of digging (3)
Scrolls
 a - 2 scrolls of amnesia
 b - 10 scrolls of teleportation
 h - 4 scrolls of magic mapping
 j - 4 scrolls of blinking
 n - 8 scrolls of identify {@r1}
 t - a scroll of brand weapon
 x - a scroll of silence {unknown}
 H - a scroll of fear
 S - 3 scrolls of fog
Potions
 d - 6 potions of might
 g - a potion of mutation
 i - 17 potions of curing
 o - 3 potions of invisibility
 u - 4 potions of attraction
 v - 4 potions of magic
 A - 2 potions of brilliance
 C - a potion of cancellation {unknown}
 M - 4 potions of heal wounds
 O - 2 potions of berserk rage
 R - 2 potions of haste
Miscellaneous
 l - a piece from Xom's chessboard (15/15)
 B - a phial of floods


   Skills:
 - Level 11.1 Fighting
 - Level 15.0 Polearms
 + Level 11.6 Throwing
 - Level 11.7 Armour
 - Level 7.9 Dodging
 - Level 0.2 Stealth
 - Level 25.0 Shields
 - Level 5.5 Invocations
 - Level 5.1 Evocations


You had 17 spell levels left.
You didn't know any spells.
Your spell library contained the following spells:

 Spells                   Type           Power      Damage    Failure   Level
 Animate Skeleton         Necr           0%         N/A       95%         1
 Beastly Appendage        Tmut           0%         N/A       95%         1
 Foxfire                  Conj/Fire      0%         2x1d4     95%         1
 Magic Dart               Conj           0%         1d3       95%         1
 Pain                     Necr           0%         1d4       95%         1
 Shock                    Conj/Air       0%         1d3       95%         1
 Sting                    Tmut/Pois      0%         1d3       95%         1
 Blink                    Tloc           N/A        N/A       98%         2
 Call Imp                 Summ           0%         N/A       98%         2
 Corpse Rot               Necr/Air       N/A        N/A       98%         2
 Poisonous Vapours        Pois/Air       0%         N/A       98%         2
 Searing Ray              Conj           0%         3d3       98%         2
 Slow                     Hex            0%         N/A       98%         2
 Static Discharge         Conj/Air       0%         N/A       98%         2
 Sublimation of Blood     Necr           0%         N/A       98%         2
 Wereblood                Tmut           0%         N/A       98%         2
 Conjure Flame            Conj/Fire      0%         6-21      100%        3
 Dazzling Flash           Conj/Hex       0%         N/A       100%        3
 Ignite Poison            Fire/Tmut/Pois 0%         N/A       100%        3
 Inner Flame              Hex/Fire       0%         N/A       100%        3
 Mephitic Cloud           Conj/Pois/Air  0%         N/A       100%        3
 Spider Form              Tmut/Pois      0%         N/A       100%        3
 Stone Arrow              Conj/Erth      0%         3d7       100%        3
 Swiftness                Air            0%         N/A       100%        3
 Vampiric Draining        Necr           0%         2d6       100%        3
 Airstrike                Air            0%         N/A       100%        4
 Animate Dead             Necr           0%         N/A       100%        4
 Dispel Undead            Necr           0%         3d6       100%        4
 Fulminant Prism          Conj/Hex       0%         3d6       100%        4
 Ice Form                 Ice/Tmut       0%         N/A       100%        4
 Iskenderun's Mystic Bla  Conj/Tloc      0%         2d3       100%        4
 Olgreb's Toxic Radiance  Pois           0%         N/A       100%        4
 Petrify                  Tmut/Erth      0%         N/A       100%        4
 Sticky Flame             Conj/Fire      0%         2d3       100%        4
 Agony                    Necr           0%         N/A       100%        5
 Borgnjor's Vile Clutch   Necr/Erth      0%         N/A       100%        5
 Excruciating Wounds      Necr           0%         N/A       100%        5
 Fireball                 Conj/Fire      0%         3d3       100%        5
 Hydra Form               Tmut           0%         N/A       100%        5
 Irradiate                Conj/Tmut      0%         3d14      100%        5
 Lightning Bolt           Conj/Air       0%         1d11      100%        5
 Blade Hands              Tmut           0%         N/A       100%        6
 Death Channel            Necr           0%         N/A       100%        6
 Iron Shot                Conj/Erth      0%         9d1       100%        6
 Simulacrum               Ice/Necr       0%         N/A       100%        6
 Statue Form              Tmut/Erth      0%         N/A       100%        6
 Dragon Form              Tmut           0%         N/A       100%        7


Dungeon Overview and Level Annotations

Branches:
Dungeon (14/15)            Temple (1/1) D:4            Lair (6/6) D:8
  Swamp (4/4) Lair:2       Spider (4/4) Lair:4        Slime (0/5) Lair:6
    Orc (0/2) D:12         Vaults (0/5) D:13

Altars:
Ashenzari
Cheibriados
Dithmenos
Elyvilon
Fedhas
Gozag
Hepliaklqana
Kikubaaqudgha
Makhleb
Nemelex Xobeh
Okawaru
Qazlal
Ru
Sif Muna
Trog
Uskayaw
Vehumet
Wu Jian
Xom
Yredelemnul
Zin
The Shining One
Jiyva

Shops:
D:11 ?[(   D:12 [

Annotations:
Spider:4 Louise


Innate Abilities, Weirdness & Mutations

You have a pair of horns on your head.
You reflexively headbutt those who attack you in melee.
You are partially covered in iridescent scales. (AC +2)
You are partially covered in large bone plates. (SH +4)
Your body sometimes deteriorates upon taking damage.


Message History

The jumping spider pounces on you but does no damage.
The jumping spider bites you.
The redback bites you but does no damage.
The ghost moth stares at you.
The ghost moth hits you but does no damage.
The ghost moth barely misses you.
The ghost moth stings you but does no damage.
The tarantella bites you but does no damage.
The jumping spider leaps!
The moth of wrath bites you!
You miss the jumping spider. You headbutt the jumping spider!
The jumping spider is moderately wounded.
You block the jumping spider's attack. x3
The jumping spider barely misses you.
A jumping spider comes into view.
The tarantella bites you.
You are confused.
You hear an angry hiss.
The redback bites you.
Louise hits you from afar with a +4 vampiric demon trident!
The jumping spider pounces on you but does no damage.
The jumping spider bites you but does no damage.
The jumping spider pounces on you but does no damage.
The jumping spider bites you.
The tarantella bites you but does no damage.
The jumping spider pounces on you but does no damage.
The jumping spider bites you.
* * * LOW HITPOINT WARNING * * *
The jumping spider pounces on you but does no damage.
The jumping spider closely misses you.
The ghost moth hits you but does no damage. x2
The ghost moth stings you but does no damage.
The jumping spider leaps!
The moth of wrath bites you but does no damage.
The tarantella bites you!
* * * LOW HITPOINT WARNING * * *
Your body deteriorates!
You feel dopey. The redback barely misses you.
The jumping spider pounces on you!
* * * LOW HITPOINT WARNING * * *
The jumping spider closely misses you. The jumping spider pounces on you!!
You die...

#........###.....## ##..
...#....#..##.#(..^.# #..
...#^...#.......#..<####..
..[^..........†..††..##.#.
#.....[.###......†<##....#
...#^....^..#....#......#.
.......#s[......#.....^.^.
#...#..sys#.#.....^#..#...
..^#....#@s........^......
##......sys....s..#.......
......s@s^.^..........#..^
####.....######^.........#
##°'s## ##.^..#.....
..^.... ##....^##..
#^....... ##........
#...^...^.. ##.......
...#.....#.. #.#.....


You could see Louise, a ghost moth (invisible), a moth of wrath, 8 jumping
spiders, a tarantella (berserk) and a redback.

Vanquished Creatures
  Arachne (Spider:3)
  A tentacled monstrosity (Swamp:2)
  Gastronok (Lair:2)
  Kirke (D:13)
  A thorn hunter (Swamp:3)
  Roxanne (Swamp:4)
  A ghost moth (Spider:4)
  A ghoul (Swamp:2)
  An ironbound preserver (D:13)
  4 entropy weavers
  A spark wasp (Spider:4)
  7 bunyips
  Snorg (D:11)
  A shambling mangrove (Swamp:2)
  6 eleionomae
  3 fire dragons (Swamp:4)
  The ghost of Qihuler the Eclecticist, a journeyman DEWz of Vehumet (D:13)
  3 boulder beetles
  20 hydras
  Erolcha (D:10)
  Harold (Lair:2)
  A death knight (D:14)
  2 ghost crabs
  Erica (D:10)
  5 centaur warriors
  7 dancing weapons (Spider:3)
  2 two-headed ogres
  13 alligators
  4 spriggan berserkers
  2 tengu warriors
  Nergalle (D:10)
  12 swamp dragons
  3 goliath frogs
  A skeletal warrior (D:13)
  4 spriggan druids
  A death drake (Swamp:2)
  9 bog bodies
  An obsidian statue (D:13)
  23 orb spiders
  A harpy (shapeshifter) (D:14)
  An orc knight (D:12)
  2 deep elf pyromancers
  2 lindwurms (Swamp:4)
  3 manticores
  8 elephants
  4 ugly things
  28 wolf spiders
  4 will-o-the-wisps
  5 moths of wrath
  3 cyclopes
  9 black mambas
  3 torpor snails
  16 cane toads
  12 komodo dragons
  3 rime drakes
  9 demonic crawlers
  2 tengu conjurers
  26 jumping spiders
  5 trolls
  19 hornets
  A queen bee (Spider:3)
  31 blink frogs
  A bloated husk (Swamp:2)
  3 polar bears (Lair:6)
  6 meliai
  9 tyrant leeches
  6 slime creatures
  3 dream sheep (Lair:6)
  58 redbacks
  A shadow (D:9)
  31 tarantellas
  A vampire (D:10)
  5 wraiths
  78 yaks
  25 spriggans
  5 wyverns
  4 fire bats (Swamp:4)
  2 hogs (D:13)
  7 basilisks
  19 vampire mosquitoes
  4 steam dragons (Swamp:4)
  A warg (D:12)
  3 acid dragons
  17 swamp worms
  6 swamp drakes
  18 water moccasins
  5 orc warriors
  An ice beast (D:7)
  A hornet zombie (D:7)
  7 black bears
  5 boggarts (Lair:6)
  7 centaurs
  31 wolves
  A necrophage (D:7)
  2 ogres
  9 bullfrogs
  A kobold brigand (D:7)
  3 scorpions
  2 wyvern skeletons (D:7)
  The ghost of siradein the Slasher, a weakling DsFi (D:3)
  21 killer bees
  5 wights (D:10)
  4 electric eels
  2 vampire bats (D:8)
  7 howler monkeys
  2 centaur zombies
  6 hounds
  2 bullfrog skeletons
  3 orc priests
  9 jellies
  13 iguanas
  9 orc wizards
  2 howler monkey zombies
  3 gnolls (D:2)
  6 adders
  A white imp (D:6)
  An ufetubus (D:6)
  A dart slug (D:5)
  22 orcs
  3 ball pythons
  A bat skeleton (D:8)
  4 bat zombies (D:8)
  24 endoplasms
  2 giant cockroaches
  6 goblins
  5 hobgoblins
  3 jackals (D:4)
  4 kobolds
  5 quokkas
  6 bats
  6 frilled lizards
  6 rats
  A fire vortex (Swamp:4)
931 creatures vanquished.

Vanquished Creatures (others)
  An alligator (Swamp:2)
  A swamp dragon (Swamp:4)
  A bog body (Swamp:2)
  A lindwurm (Swamp:4)
  A jumping spider (Spider:3)
  2 bloated husks
  2 hornets (Swamp:2)
  A redback (Spider:2)
  2 spriggans (Swamp:2)
  A steam dragon (Swamp:4)
  A human (D:13)
  An acid dragon (D:13)
  2 swamp drakes (Swamp:4)
  A killer bee (Spider:3)
  15 foxfires
  33 fungi
  59 plants
125 creatures vanquished.

Grand Total: 1056 creatures vanquished

Notes
Turn   | Place    | Note
-------+----------+-------------------------------------------
     0 | D:1      | leviel the Minotaur Fighter began the quest for the Orb.
     0 | D:1      | Reached XP level 1. HP: 19/19 MP: 0/0
   199 | D:1      | Reached XP level 2. HP: 22/27 MP: 1/1
   493 | D:1      | Found a faded altar of an unknown god.
   606 | D:2      | Reached skill level 4 in Shields
   606 | D:2      | Reached XP level 3. HP: 23/33 MP: 2/2
  1189 | D:2      | Reached XP level 4. HP: 21/40 MP: 3/3
  2009 | D:3      | Found a runed translucent door.
  2416 | D:3      | Noticed siradein's ghost (weakling DsFi)
  2429 | D:3      | Killed siradein's ghost
  2430 | D:3      | Reached skill level 5 in Armour
  2430 | D:3      | Reached XP level 5. HP: 47/47 MP: 4/4
  2464 | D:3      | Reached skill level 1 in Dodging
  2727 | D:4      | Found an opulent altar of Gozag.
  2873 | D:4      | Found a staircase to the Ecumenical Temple.
  2892 | D:4      | Reached XP level 6. HP: 53/53 MP: 5/5
  2951 | D:4      | Reached skill level 5 in Polearms
  2951 | D:4      | Reached skill level 5 in Shields
  3425 | D:5      | Entered Level 5 of the Dungeon
  3440 | Temple   | Entered the Ecumenical Temple
  3660 | Temple   | Became a worshipper of Warmaster Okawaru
  3785 | D:5      | Found a hide-covered altar of Uskayaw.
  3799 | D:5      | Found a sparkling altar of Nemelex Xobeh.
  3802 | D:5      | Found a shimmering altar of Xom.
  3805 | D:5      | Found a radiant altar of Vehumet.
  3895 | D:5      | Reached skill level 5 in Fighting
  4234 | D:5      | Reached XP level 7. HP: 52/61 MP: 6/6
  4693 | D:6      | Gained mutation: You are occasionally teleported next to
                  | monsters. [potion of mutation]
  4693 | D:6      | Gained mutation: You are partially covered in iridescent
                  | scales. (AC +2) [potion of mutation]
  4693 | D:6      | Gained mutation: You are agile. (Dex +2) [potion of
                  | mutation]
  5789 | D:6      | Reached skill level 6 in Shields
  5954 | D:7      | Reached XP level 8. HP: 56/69 MP: 7/7
  5989 | D:7      | Reached * piety under Okawaru
  6555 | D:7      | Reached skill level 7 in Shields
  6608 | D:7      | Reached ** piety under Okawaru
  7033 | D:8      | Found an ancient bone altar of Kikubaaqudgha.
  7037 | D:8      | Reached XP level 9. HP: 75/75 MP: 8/8
  7339 | D:8      | Noticed a troll
  7353 | D:8      | Killed a troll
  7361 | D:8      | Reached skill level 10 in Polearms
  7538 | D:8      | Identified a scroll of acquirement
  7538 | D:8      | Acquired a +1 demon trident of flaming
  7741 | D:8      | Found a staircase to the Lair.
  8231 | D:8      | Reached *** piety under Okawaru
  8898 | D:9      | Reached XP level 10. HP: 86/86 MP: 9/9
  8917 | D:9      | Noticed a boulder beetle
  8943 | D:9      | Killed a boulder beetle
  8943 | D:9      | Reached **** piety under Okawaru
  9005 | D:9      | Reached skill level 8 in Shields
  9186 | D:9      | Reached ***** piety under Okawaru
  9587 | D:10     | Entered Level 10 of the Dungeon
  9605 | D:10     | Noticed Erolcha
  9612 | D:10     | Killed Erolcha
  9613 | D:10     | Reached XP level 11. HP: 46/95 MP: 10/10
  9728 | D:10     | Noticed Erica
  9754 | D:10     | Received a gift from Okawaru
  9755 | D:10     | Found the +5 robe of Night {Dark Will+ SInv}
  9776 | D:10     | Killed Erica
  9865 | D:10     | Noticed a two-headed ogre
  9871 | D:10     | Killed a two-headed ogre
 10055 | D:10     | Noticed Nergalle
 10063 | D:10     | Killed Nergalle
 10069 | D:10     | Reached skill level 15 in Polearms
 10173 | D:10     | Noticed a purple ugly thing
 10175 | D:10     | Noticed a brown ugly thing
 10182 | D:10     | Killed a brown ugly thing
 10183 | D:10     | Reached skill level 1 in Evocations
 10189 | D:10     | Killed a purple ugly thing
 10190 | D:10     | Reached skill level 9 in Shields
 10190 | D:10     | Reached skill level 1 in Invocations
 10499 | D:11     | Noticed Snorg
 10499 | D:11     | Noticed a four-headed hydra
 10505 | D:11     | Killed a four-headed hydra
 10506 | D:11     | Reached skill level 10 in Armour
 10506 | D:11     | Reached skill level 5 in Dodging
 10512 | D:11     | Killed Snorg
 10512 | D:11     | Reached ****** piety under Okawaru
 10594 | D:11     | Found Jutit's Magic Scroll Shoppe.
 10602 | D:11     | Found Plog's Weapon Shop.
 10650 | D:11     | Found Sereg Cuch's Armour Boutique.
 10821 | D:11     | You fall into a shaft and drop 3 floors!
 10821 | D:14     | Noticed a deep elf pyromancer
 10847 | D:14     | Killed a deep elf pyromancer
 10929 | D:13     | Reached XP level 12. HP: 46/105 MP: 12/12
 11024 | D:13     | Noticed a tengu warrior
 11041 | D:13     | Noticed Kirke
 11051 | D:13     | Killed Kirke
 11052 | D:13     | Reached skill level 10 in Shields
 11102 | D:13     | Found a glowing golden altar of the Shining One.
 11308 | D:12     | Noticed a boulder beetle
 11331 | D:12     | Reached skill level 10 in Fighting
 11349 | D:12     | Killed a boulder beetle
 11349 | D:12     | Received a gift from Okawaru
 11428 | D:11     | Noticed a two-headed ogre
 11432 | D:11     | Killed a two-headed ogre
 11433 | D:11     | Acquired 960 gold pieces
 11801 | Lair:1   | Entered Level 1 of the Lair of Beasts
 11839 | Lair:1   | Reached skill level 11 in Shields
 11841 | Lair:1   | Noticed a four-headed hydra
 11847 | Lair:1   | Killed a four-headed hydra
 11902 | Lair:1   | Noticed a seven-headed hydra
 11909 | Lair:1   | Killed a seven-headed hydra
 12451 | Lair:1   | Received a gift from Okawaru
 12756 | Lair:2   | Noticed Harold
 12876 | Lair:1   | Reached XP level 13. HP: 84/114 MP: 15/15
 12983 | Lair:2   | Killed Harold
 13005 | Lair:2   | Noticed Gastronok
 13019 | Lair:2   | Reached skill level 12 in Shields
 13033 | Lair:2   | Killed Gastronok
 13034 | Lair:2   | Reached skill level 5 in Invocations
 13187 | Lair:2   | Received a gift from Okawaru
 13259 | Lair:2   | Reached skill level 5 in Evocations
 13699 | Lair:2   | Reached skill level 13 in Shields
 13754 | Lair:2   | Received a gift from Okawaru
 13793 | Lair:2   | You are sucked into a shaft and drop 2 floors!
 13983 | Lair:4   | Found a hole to the Spider Nest.
 14039 | Lair:4   | Reached skill level 14 in Shields
 14503 | Lair:2   | Found a staircase to the Swamp.
 15067 | Lair:3   | Reached XP level 14. HP: 120/124 MP: 17/17
 15612 | Lair:4   | Reached skill level 15 in Shields
 16150 | Lair:5   | Reached skill level 16 in Shields
 16590 | Lair:6   | Entered Level 6 of the Lair of Beasts
 16754 | Lair:6   | Received a gift from Okawaru
 16862 | Lair:6   | Reached skill level 17 in Shields
 17264 | Lair:6   | Found a viscous altar of Jiyva.
 17264 | Lair:6   | Found a staircase to the Slime Pits.
 17377 | Lair:6   | Reached skill level 18 in Shields
 18087 | Swamp:1  | Entered Level 1 of the Swamp
 18154 | Swamp:1  | Received a gift from Okawaru
 18155 | Swamp:1  | Reached XP level 15. HP: 123/129 MP: 18/18
 18179 | Swamp:1  | Reached skill level 19 in Shields
 18976 | Swamp:2  | Reached skill level 20 in Shields
 19184 | Swamp:2  | Noticed a tentacled monstrosity
 19198 | Swamp:2  | Killed a tentacled monstrosity
 19198 | Swamp:2  | Received a gift from Okawaru
 19208 | Swamp:2  | Identified the +6 spear of the Moon {vorpal, *Slow Fragile
                  | rCorr Str+5} (Okawaru gifted it to you on level 2 of the
                  | Swamp)
 19208 | Swamp:2  | Received a gift from Okawaru
 19379 | Swamp:2  | Reached skill level 21 in Shields
 20063 | Swamp:2  | Received a gift from Okawaru
 20158 | Swamp:3  | Noticed a thorn hunter
 20335 | Swamp:3  | Killed a thorn hunter
 20448 | Swamp:3  | Reached skill level 22 in Shields
 20448 | Swamp:3  | Reached XP level 16. HP: 128/137 MP: 19/19
 20929 | Swamp:4  | Entered Level 4 of the Swamp
 20965 | Swamp:4  | Received a gift from Okawaru
 21955 | D:11     | Bought 3 scrolls of acquirement for 1872 gold pieces
 21955 | D:11     | Bought a scroll of fear for 42 gold pieces
 21955 | D:11     | Bought a scroll of enchant weapon for 90 gold pieces
 21955 | D:11     | Bought a scroll of enchant weapon for 90 gold pieces
 21957 | D:11     | Acquired the ring "Beiwo" {rF+ AC+4 Str+4 Dex-2 Stlth+}
 21958 | D:11     | Acquired a +0 pair of gloves of stealth
 21959 | D:11     | Acquired 1007 gold pieces
 22033 | D:12     | Found Kiole's Antique Armour Shop.
 22209 | D:12     | Found a staircase to the Orcish Mines.
 22388 | D:13     | Found a gate to the Vaults.
 22649 | D:13     | Found a runed translucent gate.
 22649 | D:13     | Found a runed translucent gate.
 22649 | D:13     | Found an opulent altar of Gozag.
 22649 | D:13     | Found a runed translucent gate.
 22651 | D:13     | Noticed Qihuler's ghost (journeyman DEWz)
 22684 | D:13     | Reached skill level 23 in Shields
 22688 | D:13     | Killed Qihuler's ghost
 22690 | D:13     | Identified the +7 spear "Bikyl" {antimagic, rF+ rN+ Str+2}
                  | (Okawaru gifted it to you on level 13 of the Dungeon)
 22690 | D:13     | Received a gift from Okawaru
 22972 | D:13     | Lost mutation: You are partially covered in iridescent
                  | scales. (AC +2) [potion of mutation]
 22972 | D:13     | Lost mutation: You are agile. (Dex +2) [potion of mutation]
 22972 | D:13     | Gained mutation: Your movements are slightly less
                  | encumbered by armour. (ER -2) [potion of mutation]
 22973 | D:13     | Lost mutation: You are occasionally teleported next to
                  | monsters. [potion of mutation]
 22973 | D:13     | Lost mutation: Your movements are slightly less encumbered
                  | by armour. (ER -2) [potion of mutation]
 22973 | D:13     | Gained mutation: You expend magic power (3 MP) to
                  | strengthen your wands. [potion of mutation]
 22973 | D:13     | Gained mutation: You are partially covered in large bone
                  | plates. (SH +4) [potion of mutation]
 22973 | D:13     | Gained mutation: Your body sometimes deteriorates upon
                  | taking damage. [potion of mutation]
 22974 | D:13     | Lost mutation: You expend magic power (3 MP) to strengthen
                  | your wands. [potion of mutation]
 22974 | D:13     | Lost mutation: Your body sometimes deteriorates upon taking
                  | damage. [potion of mutation]
 22974 | D:13     | Gained mutation: You are partially covered in iridescent
                  | scales. (AC +2) [potion of mutation]
 22974 | D:13     | Gained mutation: Your body sometimes deteriorates upon
                  | taking damage. [potion of mutation]
 23797 | Spider:1 | Entered Level 1 of the Spider Nest
 24100 | Spider:1 | Identified the +11 trident "Icul" {vorpal, +Blink +Rage
                  | Str-4 Int+8}
 24579 | Spider:1 | Identified the +2 spear "Notzuarr" {drain, Will+} (Okawaru
                  | gifted it to you on level 1 of the Spider Nest)
 24579 | Spider:1 | Received a gift from Okawaru
 24981 | Spider:2 | Reached skill level 24 in Shields
 25312 | Spider:2 | You are sucked into a shaft and drop 1 floor!
 25413 | Spider:3 | Received a gift from Okawaru
 25414 | Spider:3 | Reached XP level 17. HP: 144/144 MP: 20/20
 25617 | Spider:2 | Received a gift from Okawaru
 25756 | Spider:2 | Reached skill level 25 in Shields
 25763 | Spider:2 | Reached skill level 1 in Throwing
 26500 | Spider:2 | Reached skill level 5 in Throwing
 26786 | Spider:3 | Found a runed translucent door.
 27388 | Swamp:3  | Identified the +4 spear of Qoesoivo {pain, rC+ Int+4 Dex+4}
                  | (Okawaru gifted it to you on level 3 of the Swamp)
 27388 | Swamp:3  | Received a gift from Okawaru
 27824 | Swamp:4  | Got a decaying rune of Zot
 27889 | Swamp:4  | Reached skill level 10 in Throwing
 27923 | Swamp:4  | Identified Roxanne's Papyrus of Clay
 27923 | Swamp:4  | Noticed Roxanne
 27973 | Swamp:4  | Killed Roxanne
 28088 | Swamp:4  | Received a gift from Okawaru
 28560 | Spider:4 | Entered Level 4 of the Spider Nest
 29130 | Spider:4 | Noticed Arachne
 29135 | Spider:4 | Reached XP level 18. HP: 145/151 MP: 13/21
 29140 | Spider:4 | Identified the +6 tower shield of Patience {Harm rC+++
                  | Int+2 Dex-4}
 29140 | Spider:4 | Noticed Louise
 29155 | Spider:3 | Killed Arachne
 29341 | Spider:4 | Slain by a jumping spider

Illustrated notes

Levels and vault maps discovered:
D:1:      minmay_arrival_three_doors, layout_basic,
          ebering_ecumenical_altar_webs
D:2:      layout_basic
D:3:      layout_basic, ebering_ghost_reflecting_pool, minmay_splitting_lines,
          minmay_fractal_squares_5
D:4:      layout_gridville, kennysheep_little_box,
          minmay_temple_entry_stoned_glass, minmay_misc_feat_iff,
          chequers_serial_rivers_micro_b, wad_floor_pattern_untrapped
D:5:      layout_loops_cross, grunt_temple_overflow_cloverleaf, st_stairs_6,
          minivault_25
D:6:      layout_basic, grunt_ministairs_11
D:7:      layout_rooms, hangedman_minor_gate_pass
D:8:      layout_loops_corners, kennysheep_vampire_church, erik_lair_island,
          hangedman_glass_teeth
D:9:      layout_irregular_city, kennysheep_cluttered_room
D:10:     minmay_curly_fans, layout_long_grid, serial_glass, glass_columns_b,
          glass_columns_c, uniq_erolcha, uniq_nergalle, uniq_erica
D:11:     layout_stronghold, serial_shops, shop, shop, shop, uniq_snorg
D:12:     layout_rooms, orc_0_dummy, serial_shops, nicolae_shop_behind_doors,
          drop_trap
D:13:     layout_irregular_city, skrybe_vaults_entry_preservation,
          ebering_ghost_gozag, tso_metal_star, uniq_kirke
D:14:     layout_big_octagon, minmay_misc_feat_cross
Temple:   eino_temple_rhombus
Lair:1:   layout_hall_layers
Lair:2:   beast_lair_carwin_large_4, layout_concentric_octagons,
          palyth_hydra_swamp_entry, minivault_11, serial_bayou_shore_b,
          infiniplex_staircase_pool, serial_bayou_shore_a, uniq_gastronok,
          uniq_harold
Lair:3:   layout_chaotic_city
Lair:4:   layout_cave_pods, nicolae_spider_entry_orb_guardian
Lair:5:   lemuel_slime, layout_misc_corridors, infiniplex_staircase_pool_2
Lair:6:   minmay_lair_end_enchanted_forest, layout_long_grid,
          dpeg_slime_entry_enclosed_altar
Swamp:1:  layout_basic_swamp, evilmike_swamp_ruin_rubble_2
Swamp:2:  nzn_winding_woodlands_medium [nzn_winding_woodlands_5x5_checkerboard,
          nzn_winding_woodlands_5x15_sawtooth,
          nzn_winding_woodlands_5x5_open_star,
          nzn_winding_woodlands_5x5_default, nzn_winding_woodlands_center_lodge,
          nzn_winding_woodlands_5x5_default,
          nzn_winding_woodlands_5x5_closed_star,
          nzn_winding_woodlands_5x15_pathside_ponds,
          nzn_winding_woodlands_5x5_default], layout_basic_swamp,
          evilmike_swamp_ruin_wall
Swamp:3:  layout_basic_swamp, evilmike_swamp_ruin_house_4
Swamp:4:  swamp_fiery, layout_basic_swamp, swamp_pool1,
          nicolae_swamp_trees_clearing, uniq_roxanne
Spider:1: nicolae_spider_hilbert_zone_5 [nicolae_spider_hilbert_3_sides_1_open,
          nicolae_spider_hilbert_4_sides_1_open,
          nicolae_spider_hilbert_4_sides_1_open,
          nicolae_spider_hilbert_6_sides_1_open,
          nicolae_spider_hilbert_6_sides_1_open,
          nicolae_spider_hilbert_2_sides_1_open,
          nicolae_spider_hilbert_2_sides_1_open]
Spider:2: cheibrodos_spider_silkery, drop_trap, nicolae_spider_orb_run
Spider:3: cheibrodos_spider_deadly_dance, special_room [special_room_bee],
          nicolae_orb_stairs
Spider:4: johnstein_spider_rune_arachne_lair, uniq_louise

Skill      XL: |  1  2  3  4  5  6  7  8  9 10 11 12 13 14 15 16 17 |
---------------+----------------------------------------------------+-----
Armour         | 4 5 6 7 8 9 10 11 | 11.7
Fighting       | 4 5 6 7 8 9 10 11 | 11.1
Shields        | 4 5 6 7 8 9 11 14 18 22 24 25 | 25.0
Polearms       | 3 4 5 6 9 11 13 15 | 15.0
Dodging        | 1 2 3 4 5 7 |  7.9
Evocations     | 2 4 5 |  5.1
Invocations    | 2 4 5 |  5.5
Throwing       | 11 | 11.6
Stealth        | |  0.2

Action                   |  1- 3 |  4- 6 |  7- 9 | 10-12 | 13-15 | 16-18 || total
-------------------------+-------+-------+-------+-------+-------+-------++-------
Melee: Trident           |    95 |   139 |   244 |       |       |  1078 ||  1556
       Headbutt          |     8 |    23 |    59 |    82 |   285 |   278 ||   735
       Demon trident     |       |       |    69 |   419 |  1426 |   218 ||  2132
       Spear             |       |       |       |       |       |   159 ||   159
Throw: Javelin           |       |       |       |       |       |    20 ||    20
Invok: Heroism           |       |       |       |     2 |     1 |     4 ||     7
       Finesse           |       |       |       |     1 |     1 |     4 ||     6
Evoke: Wand              |       |       |       |     3 |       |     5 ||     8
       Phial of floods   |       |       |       |     1 |       |       ||     1
  Use: Scroll            |       |     2 |    15 |     3 |    14 |     6 ||    40
       Potion            |       |       |     7 |     1 |     2 |     3 ||    13
 Stab: Distracted        |       |       |       |       |     1 |       ||     1
       Confused          |       |       |       |       |       |     2 ||     2
Armor: Scale mail        |    32 |    63 |    95 |    25 |       |       ||   215
       Skin              |       |       |    17 |       |       |       ||    17
       Plate armour      |       |       |       |    82 |   438 |   579 ||  1099
Dodge: Dodged            |    24 |    38 |    80 |    87 |   237 |   347 ||   813
Block: Kite shield       |    40 |    74 |   150 |   122 |       |       ||   386
       Tower shield      |       |       |       |    87 |  1214 |  1816 ||  3117

Table legend: (Time is in decaauts)
 A = Elapsed time spent in this place.
 B = Non-inter-level travel time spent in this place.
 C = Inter-level travel time spent in this place.
 D = Time resting spent in this place.
 E = Time spent auto-exploring this place.
 F = Levels seen in this place.
 G = Mean time per level.
                   A        B        C        D        E       F      G
               +--------+--------+--------+--------+--------+-----+--------+
         Total |  28452 |  26123 |   2329 |   2681 |  18194 |  29 |  981.1 |
       Dungeon |  13701 |  12903 |    798 |   1177 |   9747 |  14 |  978.6 |
        Temple |    231 |    210 |     21 |      0 |    200 |   1 |  231.0 |
          Lair |   6593 |   5765 |    828 |    200 |   4303 |   6 | 1098.8 |
         Swamp |   4095 |   3772 |    323 |    606 |   2098 |   4 | 1023.8 |
   Spider Nest |   3830 |   3472 |    358 |    698 |   1846 |   4 |  957.5 |
               +--------+--------+--------+--------+--------+-----+--------+

Top non-repeatable levels by time:
     D:8: 2000 daAuts
  Lair:2: 1579 daAuts
 Swamp:2: 1539 daAuts
     D:6: 1444 daAuts
Spider:3: 1313 daAuts
  Lair:6: 1308 daAuts
  Lair:1: 1190 daAuts
Spider:2: 1184 daAuts
Spider:1: 1176 daAuts
     D:2: 1162 daAuts
     D:7: 1037 daAuts
    D:11: 1032 daAuts
     D:5: 1002 daAuts
     D:4: 999 daAuts
  Lair:4: 983 daAuts
